 Dungeon Crawl Stone Soup version 0.18.1-48-g4cf74bf (webtiles) character file.

211 Miyamura the Chucker (level 5, -1/55 HPs)
             Began as an Ogre Hunter on Sept 6, 2016.
             Slain by an adder (4 damage)
             ... on level 2 of the Dungeon.
             The game lasted 00:06:50 (3447 turns).

Miyamura the Chucker (Ogre Hunter)                  Turns: 3447, Time: 00:06:51

Health: -1/55      AC:  3    Str: 21 (22) XL:     5   Next: 88%
Magic:  5/5        EV: 10    Int:  9 (11) God:
Gold:   152        SH:  0    Dex:  9 (10) Spells: 0 memorised, 4 levels left

rFire  . . .     SeeInvis .     i - +0 club
rCold  . . .     Gourm    .     b - +0 robe
rNeg   . . .     Faith    .     (no shield)
rPois  .         Spirit   .     (helmet restricted)
rElec  .         Dismiss  .     (no cloak)
rCorr  .         Reflect  .     (gloves unavailable)
SustAt .         Harm     .     (boots unavailable)
MR     .....                    (no amulet)
Stlth  +.........               (no ring)
                                (no ring)

@: mighty, lethally poisoned (-1 -> -6), not resistant to hostile enchantments,
very unstealthy
A: unfitting armour, tough skin 1
a: no special abilities


You were on level 2 of the Dungeon.
You were hungry.

You visited 1 branch of the dungeon, and saw 2 of its levels.

You collected 152 gold pieces.

Inventory:

Hand Weapons
 i - a +0 club (weapon)
Missiles
 d - 3 large rocks (quivered)
 g - 143 stones
Armour
 b - a +0 robe (worn)
Wands
 c - a wand of iceblast (1/15)
Scrolls
 a - a scroll of enchant weapon {unknown}
 e - a scroll of remove curse {unknown}
 h - 2 scrolls of teleportation {unknown}
 k - a scroll of recharging {unknown}
 l - 4 scrolls of identify {unknown}
Potions
 j - a potion of brilliance {unknown}
 n - a potion of degeneration
 o - a potion of might
 p - a potion of agility {unknown}
Comestibles
 f - a bread ration
 m - 8 chunks of flesh
 q - 2 meat rations


   Skills:
 + Level 4.7 Fighting
 + Level 3.2 Maces & Flails
 + Level 4.9 Throwing
 + Level 2.8 Dodging
 - Level 0.7 Stealth


You had 4 spell levels left.
You didn't know any spells.

Dungeon Overview and Level Annotations

Branches:
Dungeon (2/15)

Altars:


Innate Abilities, Weirdness & Mutations

You are too large for most types of armour.
You have tough skin (AC +1).


Message History

* * * LOW HITPOINT WARNING * * *
Throwing (i - inventory. (,) - cycle):
d - 4 large rocks (quivered)
Press: ? - help, Shift-Dir - straight line, f/p - adder
Aim: an adder (almost dead)
You throw a large rock.
The large rock hits the adder but does no damage.
The adder is almost dead.
* * * LOW HITPOINT WARNING * * *
You feel sick. The adder barely misses you. x2
Drink which item? (? for menu, Esc to quit)
It was a potion of degeneration.
There was something very wrong with that liquid.
You feel weakened.
You feel dopey.
You feel clumsy.
* * * LOW HITPOINT WARNING * * *
You feel sick. The adder bites you but does no damage.
Drink which item? (? for menu, Esc to quit)
It was a potion of might.
You feel very mighty all of a sudden. The adder bites you.
You die...

#.........##.#........####....
#.........##.#...<...........#
#......#..##.).#..#..........#
#......##.##...#..#..........##
#########.##...#..#............
#..#...#..#............
#......#..#............
#.รท#.#.#..#............
#....#@#..#............
#.#..#S#.....w.........
#.#..#w......########..
....>###.....# #.
.#............# .
..##...######.###### .. #...#
#......# ... ...# ######.# #.#


You could see a worm and an adder.

Vanquished Creatures
  Jessica (D:2)
  Terence (D:2)
  Ijyb (D:2)
  7 adders
  2 dart slugs (D:1)
  2 giant geckos
  3 giant cockroaches
  14 goblins
  6 hobgoblins
  12 jackals (D:2)
  5 bats
  5 kobolds
  5 rats
64 creatures vanquished.

Notes
Turn   | Place    | Note
--------------------------------------------------------------
     0 | D:1      | Miyamura the Ogre Hunter began the quest for the Orb.
     0 | D:1      | Reached XP level 1. HP: 22/22 MP: 1/1
   370 | D:1      | Reached XP level 2. HP: 29/31 MP: 2/2
   746 | D:1      | Reached skill level 1 in Maces & Flails
  1288 | D:1      | Reached XP level 3. HP: 24/37 MP: 3/3
  1845 | D:2      | Reached XP level 4. HP: 25/46 MP: 4/4
  2067 | D:2      | Noticed Jessica
  2070 | D:2      | Killed Jessica
  2174 | D:2      | Noticed Terence
  2198 | D:2      | Reached XP level 5. HP: 11/54 MP: 5/5
  2213 | D:2      | Killed Terence
  2928 | D:2      | Noticed Ijyb
  2977 | D:2      | Killed Ijyb
  3447 | D:2      | Slain by an adder

Skill      XL: |  1  2  3  4  5 |
---------------+----------------+-----
Dodging        | 2 |  2.8
Fighting       | 3 4 |  4.7
Maces & Flails | 1 2 3 |  3.2
Throwing       | |  4.9
Stealth        | |  0.7

Action                   |  1- 3 |  4- 6 || total
-------------------------+-------+-------++-------
Melee: Club              |   120 |   176 ||   296
       Short sword       |     7 |       ||     7
Throw: Large rock        |     4 |    24 ||    28
       Throwing net      |       |     2 ||     2
       Stone             |       |     1 ||     1
  Use: Potion            |       |     2 ||     2
 Stab: Sleeping          |     1 |       ||     1
       Distracted        |       |     2 ||     2
  Eat: Chunk             |     3 |     5 ||     8
Armor: Robe              |    54 |    80 ||   134
Dodge: Dodged            |    80 |   162 ||   242
